 Dungeon Crawl Stone Soup version 0.23.2-1-ga50397a (webtiles) character file.

Game seed: 5317091487816200032

179 shadizar the Skirmisher (level 5, -3/34 HPs)
             Began as a Gargoyle Fighter on May 5, 2019.
             Slain by an iron imp (5 damage)
             ... summoned by Natasha
             ... on level 3 of the Dungeon.
             The game lasted 00:03:05 (1526 turns).

shadizar the Skirmisher (Gargoyle Fighter)          Turns: 1526, Time: 00:03:06

Health: -3/34      AC: 11    Str: 25    XL:     5   Next: 59%
Magic:  5/5        EV:  8    Int:  9    God:
Gold:   162        SH:  9    Dex:  9    Spells: 4/4 levels left

rFire    . . .     SeeInvis .   a - +0 flail
rCold    . . .     Gourm    .   c - +0 shield
rNeg     + . .     Faith    .   b - +0 scale mail
rPois    ∞         Spirit   .   (no helmet)
rElec    +         Reflect  .   (no cloak)
rCorr    .         Harm     .   (no gloves)
MR       .....                  (no boots)
Stlth    ..........             (no amulet)
HPRegen  0.11/turn              (no ring)
MPRegen  0.09/turn              (no ring)

@: mighty, slowed, very slow
A: negative energy resistance 1, electricity resistance, unbreathing,
petrification resistance, rot immunity, AC +4
a: no special abilities


You were on level 3 of the Dungeon.
You were hungry.

You visited 1 branch of the dungeon, and saw 3 of its levels.

You collected 162 gold pieces.

Inventory:

Hand Weapons
 a - a +0 flail (weapon)
Armour
 b - a +0 scale mail (worn)
 c - a +0 shield (worn)
 t - a +0 pair of boots
Jewellery
 q - an uncursed ring of protection from fire {unknown}
 r - an uncursed amulet of harm {unknown}
Scrolls
 g - 3 scrolls of remove curse {unknown}
 h - 2 scrolls of immolation {unknown}
 j - a scroll of fear {unknown}
 l - 2 scrolls of random uselessness {unknown}
 n - a scroll of identify {unknown}
 o - a scroll of magic mapping {unknown}
 s - a scroll of blinking {unknown}
Potions
 e - 3 potions of heal wounds {unknown}
 i - a potion of brilliance {unknown}
 k - a potion of lignification {unknown}
 m - a potion of agility {unknown}
 p - 2 potions of curing {unknown}
Comestibles
 f - 6 rations
 u - 4 chunks of flesh


   Skills:
 * Level 4.8 Fighting
 + Level 2.7 Maces & Flails
 + Level 4.1 Armour
 + Level 1.3 Dodging
 + Level 3.9 Shields


You had 4 spell levels left.
You didn't know any spells.
Your spell library was empty.

Dungeon Overview and Level Annotations

Branches:
Dungeon (3/15)

Altars:

Annotations:
D:3 Natasha


Innate Abilities, Weirdness & Mutations

You are resistant to torment.
Your stone body is resilient. (AC +4)
You are immune to poison.
You resist negative energy. (rN+)
You are resistant to electric shocks. (rElec)
You can survive without breathing.
You are immune to petrification.
You are immune to rotting.


Message History

Natasha casts a spell.
Unknown command.
You closely miss Natasha.
Natasha is heavily wounded.
Natasha zaps a wand.
The puff of flame hits you but does no damage.
Natasha casts a spell at you. The magic dart hits you.
* * * LOW HITPOINT WARNING * * *
The iron imp hits you but does no damage.
Natasha wildly gestures.
Natasha's front paws start to glow.
Natasha zaps a wand.
The puff of flame hits you but does no damage.
Your shield and scale mail prevent you from hitting Natasha.
Natasha is heavily wounded.
The iron imp hits you.
* * * LOW HITPOINT WARNING * * *
Natasha closely misses you. The iron imp hits you.
You die...

########## ........
#######...#######.##
......h5........<...
#.#####@...###.##..#
#........# # #..#
#.#####..#
#.##..##### #..#
........
#..######..##.#
#..##.....[##.#
#.............#
#.#.#
##.##.####.####
#.#.# #.##.# #.#


You could see an iron imp and Natasha.

Vanquished Creatures
  Terence (D:2)
  An iguana (D:3)
  5 adders
  2 oozes
  2 worms (D:2)
  4 dart slugs
  5 leopard geckos
  5 bats
  3 giant cockroaches
  7 goblins
  6 hobgoblins
  6 frilled lizards
  11 kobolds
  3 rats
61 creatures vanquished.

Notes
Turn   | Place    | Note
-------+----------+-------------------------------------------
     0 | D:1      | shadizar the Gargoyle Fighter began the quest for the Orb.
     0 | D:1      | Reached XP level 1. HP: 14/14 MP: 1/1
    52 | D:1      | Reached XP level 2. HP: 19/19 MP: 2/2
   225 | D:1      | Reached XP level 3. HP: 24/24 MP: 3/3
   562 | D:2      | Noticed Terence
   570 | D:2      | Reached XP level 4. HP: 29/29 MP: 4/4
   583 | D:2      | Killed Terence
   657 | D:2      | Reached skill level 1 in Dodging
   846 | D:2      | Reached XP level 5. HP: 31/34 MP: 5/5
  1510 | D:3      | Noticed Natasha
  1526 | D:3      | Slain by an iron imp

Skill      XL: |  1  2  3  4 |
---------------+-------------+-----
Fighting       | 4 |  4.8
Dodging        | 1 |  1.3
Armour         | 4 |  4.1
Maces & Flails | |  2.7
Shields        | |  3.9

Action                   |  1- 3 |  4- 6 || total
-------------------------+-------+-------++-------
Melee: Flail             |    95 |   168 ||   263
  Use: Potion            |       |     1 ||     1
  Eat: Chunk             |       |     2 ||     2
Armor: Scale mail        |    43 |    92 ||   135
Dodge: Dodged            |    37 |    62 ||    99
Block: Shield            |    49 |    78 ||   127
